 Dungeon Sprint DCSS version 0.28-a0-730-g892d06dc2c (webtiles) character file.

Game seed: 13519335567767110528

3878 mhtbhm the Deadly Accurate (level 10, -9/79 HPs)
             Began as a Human Hunter on Oct 29, 2021.
             Was an Elder of Okawaru.
             Mangled by a catoblepas (13 damage)
             ... while petrified by a catoblepas
             ... in the Dungeon (Sprint IX: "|||||||||||||||||||||||||||||").
             The game lasted 00:04:00 (1046 turns).

mhtbhm the Deadly Accurate (Human Hunter)           Turns: 1046, Time: 00:04:01

Health: -9/79      AC: 14    Str: 17    XL:     10   Next: 42%
Magic:  13/13      EV:  2    Int: 14    God:    Okawaru [****..]
Gold:   0          SH:  0    Dex: 16    Spells: 9/9 levels left

rFire   . . .      SeeInvis .   a - +3 scimitar (flame)
rCold   . . .      Faith    .   (no shield)
rNeg    + + +      Spirit   .   b - +0 plate armour
rPois   ∞          Reflect  .   (no helmet)
rElec   .          Harm     .   m - +0 cloak
rCorr   .          Rampage  .   (no gloves)
Will    .....      NoTele   +   (no boots)
Stlth   ..........              (no amulet)
HPRegen 0.23/turn               n - +3 ring of dexterity
MPRegen 0.13/turn               o - +3 ring of intelligence

@: petrified, on berserk cooldown, slowed
A: no striking features
a: Renounce Religion, Heroism, Finesse


You were in the Dungeon.
You worshipped Okawaru.
Okawaru was greatly pleased with you.
You visited 1 branch

Inventory:

Hand Weapons
 a - a +3 scimitar of flaming (weapon)
 d - a +2 scimitar of holy wrath
Armour
 b - a +0 plate armour (worn)
 m - a +0 cloak (worn)
Jewellery
 n - a +3 ring of dexterity (left hand)
 o - a +3 ring of intelligence (right hand)
Scrolls
 j - 2 scrolls of amnesia
 k - 2 scrolls of blinking
 p - 2 scrolls of enchant armour
 q - a scroll of fear
 r - a scroll of identify
 s - a scroll of fog
Potions
 e - 2 potions of curing
 f - a potion of resistance
 h - 4 potions of magic
 i - a potion of brilliance
 l - 2 potions of heal wounds


   Skills:
 + Level 7.3 Fighting
 + Level 5.5(6.2) Short Blades
 + Level 4.4(5.7) Long Blades
 + Level 18.0 Throwing
 + Level 6.7 Armour
 + Level 6.9 Dodging
 - Level 2.5 Stealth
 * Level 4.3 Invocations
 + Level 3.4 Evocations


You had 9 spell levels left.
You didn't know any spells.
Your spell library contained the following spells:

 Spells                   Type           Power      Damage    Failure   Level
 Ensorcelled Hibernation  Hex/Ice        0%         N/A       100%        2
 Spider Form              Tmut/Pois      0%         N/A       100%        3


Dungeon Overview and Level Annotations

Branches:
Dungeon (1/1)

Altars:
Cheibriados
Dithmenos
Elyvilon
Fedhas
Gozag
Hepliaklqana
Kikubaaqudgha
Makhleb
Nemelex Xobeh
Okawaru
Qazlal
Ru
Sif Muna
Trog
Uskayaw
Vehumet
Wu Jian
Xom
Yredelemnul
Zin
The Shining One
Beogh
Jiyva
Lugonu


Message History

The catoblepas gores you! The catoblepas gores you. The catoblepas gores you!
The catoblepas rams the ground with its head heavily.
The catoblepas breathes a plume of calcifying dust at you.
The blast of calcifying dust hits you but does no damage.
You are engulfed in calcifying dust.
You are no longer berserk.
You feel yourself slow down. The catoblepas gores you.
You are engulfed in calcifying dust.
The catoblepas roars fiercely, eyes lowered.
The catoblepas gores you!
You turn to flesh and can move again.
You hit the catoblepas but do no damage.
The catoblepas is almost dead.
You are engulfed in calcifying dust.
The catoblepas gores you!
Unknown command.
You hit the catoblepas but do no damage.
The catoblepas is almost dead.
You are engulfed in calcifying dust.
You are slowing down.
The catoblepas gores you!! The catoblepas gores you!
* * * LOW HITPOINT WARNING * * *
Your limbs are stiffening.
You slash the catoblepas! You burn the catoblepas.
The catoblepas is almost dead.
You are engulfed in calcifying dust.
The catoblepas breathes a plume of calcifying dust at you.
The blast of calcifying dust hits you but does no damage.
The catoblepas gores you!
* * * LOW HITPOINT WARNING * * *
The catoblepas breathes a plume of calcifying dust at you.
The blast of calcifying dust hits you.
* * * LOW HITPOINT WARNING * * *
You have turned to stone.
The catoblepas breathes a plume of calcifying dust at you.
The blast of calcifying dust hits you.
* * * LOW HITPOINT WARNING * * *
You are engulfed in calcifying dust.
The catoblepas gores you!!
You die...

▓_▓.▓
▓_▓.▓(▓
▓_▓.▓†▓
▓_▓.▓†▓
▓_▓.▓.▓
▓_▓.▓h▓
▓_▓.▓l▓
▓_▓.▓Y▓
▓_▓.▓@▓
▓_▓.▓§▓
▓_▓.▓§▓
▓_▓.▓.▓
▓'▓.▓§▓
▓.▓.▓.▓
▓.▓.▓)▓
▓)▓.▓[▓
▓.▓.▓.▓


You could see a catoblepas, a komodo dragon and a wolf.

Vanquished Creatures
  A two-headed ogre (D)
  A deep elf pyromancer (D)
  An ugly thing (D)
  A manticore (D)
  An efreet (D)
  2 komodo dragons (D)
  A cane toad (D)
  A wraith (D)
  2 yaks (D)
  A wyvern (D)
  An ice beast (D)
  A wolf (D)
  An ogre (D)
  A centaur (D)
  A scorpion (D)
  A killer bee (D)
  An orc wizard (D)
  An adder zombie (D)
  An orc (D)
  A giant cockroach (D)
  A hobgoblin (D)
  A jackal (D)
  A quokka (D)
  A ball python skeleton (D)
  A kobold (D)
27 creatures vanquished.

Vanquished Creatures (others)
  A two-headed ogre (D)
1 creature vanquished.

Grand Total: 28 creatures vanquished

Notes
Turn   | Place    | Note
-------+----------+-------------------------------------------
     0 | D        | mhtbhm the Human Hunter began the quest for the Orb.
     0 | D        | Reached XP level 1. HP: 16/16 MP: 1/1
     7 | D        | Banished a spatial maelstrom
    18 | D        | Reached skill level 5 in Throwing
    18 | D        | Reached XP level 2. HP: 12/23 MP: 2/2
   179 | D        | Noticed a scorpion
   179 | D        | Noticed an ogre
   179 | D        | Noticed an ice beast
   193 | D        | Killed an ice beast
   194 | D        | Reached skill level 1 in Short Blades
   194 | D        | Reached skill level 8 in Throwing
   194 | D        | Reached XP level 3. HP: 29/29 MP: 3/3
   194 | D        | Reached XP level 4. HP: 35/35 MP: 4/4
   194 | D        | Reached XP level 5. HP: 41/41 MP: 5/5
   195 | D        | Killed an ogre
   196 | D        | Reached skill level 10 in Throwing
   199 | D        | Reached skill level 11 in Throwing
   199 | D        | Reached XP level 6. HP: 48/48 MP: 6/6
   261 | D        | Found a snail-covered altar of Cheibriados.
   261 | D        | Found a shadowy altar of Dithmenos.
   261 | D        | Found a white marble altar of Elyvilon.
   261 | D        | Found a blossoming altar of Fedhas.
   261 | D        | Found an opulent altar of Gozag.
   262 | D        | Found a hazy altar of Hepliaklqana.
   263 | D        | Found a viscous altar of Jiyva.
   264 | D        | Found an ancient bone altar of Kikubaaqudgha.
   265 | D        | Found a corrupted altar of Lugonu.
   266 | D        | Found a burning altar of Makhleb.
   267 | D        | Found a sparkling altar of Nemelex Xobeh.
   268 | D        | Found an iron altar of Okawaru.
   269 | D        | Found a stormy altar of Qazlal.
   270 | D        | Found a sacrificial altar of Ru.
   271 | D        | Found a shimmering blue altar of Sif Muna.
   272 | D        | Found a bloodstained altar of Trog.
   273 | D        | Found a hide-covered altar of Uskayaw.
   274 | D        | Found a radiant altar of Vehumet.
   275 | D        | Found an ornate altar of the Wu Jian Council.
   276 | D        | Became a worshipper of Warmaster Okawaru
   277 | D        | Found a shimmering altar of Xom.
   278 | D        | Found a basalt altar of Yredelemnul.
   279 | D        | Found a glowing silver altar of Zin.
   280 | D        | Found a glowing golden altar of the Shining One.
   327 | D        | Noticed a yak
   327 | D        | Noticed a two-headed ogre
   332 | D        | Killed a yak
   333 | D        | Reached skill level 12 in Throwing
   333 | D        | Reached skill level 1 in Armour
   333 | D        | Reached XP level 7. HP: 20/55 MP: 7/7
   333 | D        | Reached * piety under Okawaru
   334 | D        | Reached skill level 5 in Fighting
   334 | D        | Reached skill level 13 in Throwing
   344 | D        | Killed a two-headed ogre
   345 | D        | Reached skill level 1 in Long Blades
   345 | D        | Reached skill level 15 in Throwing
   345 | D        | Reached skill level 5 in Dodging
   345 | D        | Reached XP level 8. HP: 36/64 MP: 8/8
   367 | D        | Reached ** piety under Okawaru
   553 | D        | Noticed a brown ugly thing
   553 | D        | Noticed a deep elf pyromancer
   553 | D        | Noticed an efreet
   553 | D        | Noticed a wraith
   553 | D        | Noticed a manticore
   553 | D        | Noticed a two-headed ogre
   566 | D        | Killed a two-headed ogre
   569 | D        | Killed a manticore
   570 | D        | Reached skill level 16 in Throwing
   570 | D        | Reached XP level 9. HP: 33/69 MP: 9/9
   578 | D        | Killed an efreet
   578 | D        | Reached *** piety under Okawaru
   581 | D        | Killed a deep elf pyromancer
   582 | D        | Reached skill level 17 in Throwing
   582 | D        | Reached skill level 5 in Armour
   582 | D        | Reached skill level 1 in Evocations
   597 | D        | Killed a white ugly thing
   598 | D        | Reached skill level 5 in Short Blades
   598 | D        | Reached XP level 10. HP: 25/77 MP: 7/10
   960 | D        | Noticed a komodo dragon
   960 | D        | Noticed a komodo dragon
   960 | D        | Noticed a cane toad
   960 | D        | Noticed a komodo dragon
   962 | D        | Reached skill level 1 in Invocations
   964 | D        | Killed a cane toad
   964 | D        | Killed a komodo dragon
   964 | D        | Reached **** piety under Okawaru
   965 | D        | Killed a komodo dragon
   965 | D        | Noticed a catoblepas
   966 | D        | Reached skill level 18 in Throwing
  1045 | D        | HP: 3/79 [catoblepas/blast of calcifying dust (3)]
  1046 | D        | Mangled by a catoblepas

Illustrated notes

Levels and vault maps discovered:
D:        linesprint [early_d, line_temple, items_1, d_10, items_2, lair_1,
          lair_end, items_3, orc_1, orc_end, items_4, d_15, swamp_1, shoals_1,
          snake_1, spider_1, d_20, vaults_1, items_5, swamp_end, shoals_end,
          snake_end, spider_end, vaults_end, d_27, items_6, zot_1, zot_end,
          crypt_end, forest_end, elf_end, slime_end, tomb_end, abyss_end,
          pan_hell_end]

Skill      XL: |  1  2  3  4  5  6  7  8  9 10 |
---------------+-------------------------------+-----
Throwing       | 5 8 11 12 15 16 17 18 | 18.0
Fighting       | 3 4 5 6 7 |  7.3
Short Blades   | 1 2 3 4 5 |  5.5
Dodging        | 3 4 5 6 |  6.9
Armour         | 1 2 3 5 6 |  6.7
Long Blades    | 1 3 4 |  4.4
Evocations     | 2 3 |  3.4
Stealth        | 2 |  2.5
Invocations    | 4 |  4.3

Action                   |  1- 3 |  4- 6 |  7- 9 | 10-12 || total
-------------------------+-------+-------+-------+-------++-------
Melee: Short sword       |    13 |     5 |       |       ||    18
       Scimitar          |       |       |    28 |    10 ||    38
       Punch             |       |       |     2 |       ||     2
Throw: Javelin           |     9 |     4 |     6 |     4 ||    23
       Throwing net      |     1 |     1 |     1 |       ||     3
Invok: Heroism           |       |       |     1 |       ||     1
Evoke: Wand              |       |       |    10 |       ||    10
  Use: Potion            |     2 |       |     8 |     1 ||    11
       Scroll            |     1 |       |       |       ||     1
 Stab: Invisible         |       |       |     3 |       ||     3
Armor: Plate armour      |       |       |    24 |     8 ||    32
Dodge: Dodged            |    12 |     4 |    14 |       ||    30

Table legend: (Time is in decaauts)
 A = Elapsed time spent in this place.
 B = Non-inter-level travel time spent in this place.
 C = Inter-level travel time spent in this place.
 D = Time resting spent in this place.
 E = Time spent auto-exploring this place.
 F = Levels seen in this place.
 G = Mean time per level.
                   A        B        C        D        E       F      G
               +--------+--------+--------+--------+--------+-----+--------+
         Total |   1045 |   1045 |      0 |    423 |    309 |   1 | 1045.0 |
       Dungeon |   1045 |   1045 |      0 |    423 |    309 |   1 | 1045.0 |
               +--------+--------+--------+--------+--------+-----+--------+

Top non-repeatable levels by time:
       D: 1045 daAuts
